 Dungeon Crawl Stone Soup version 0.29-a0-551-gffc1d7fb78 (webtiles) character file.

Game seed: 18383823389151295571

24683 porpoise the Fighter (level 12, -2/102 HPs)
             Began as a Demonspawn Artificer on June 6, 2022.
             Was an Initiate of Yredelemnul.
             Killed from afar by a blizzard demon (30 damage)
             ... with a freezing blast
             ... in a Gauntlet.
             The game lasted 01:26:37 (19445 turns).

porpoise the Fighter (Demonspawn Artificer)        Turns: 19445, Time: 01:26:37

Health: -2/102     AC: 19    Str: 22    XL:     12   Next: 82%
Magic:  20/20      EV: 17    Int: 20    God:    Yredelemnul [......]
Gold:   2015       SH:  7    Dex: 16    Spells: 7/11 levels left

rFire   . . .      SeeInvis +   a - +7 dagger of the Silent Majority {pain, *Noise rN++ Will+ Int+3}
rCold   . . .      Faith    +   C - +2 buckler "Yshiemn" {*Slow Will+ Int+3 Dex+3}
rNeg    + + .      Spirit   .   i - +2 leather armour {rPois}
rPois   +          Reflect  .   G - +1 helmet {SInv}
rElec   .          Harm     .   z - +2 cloak
rCorr   +          Rampage  .   x - +2 pair of gloves of Complete Protection {rCorr}
Will    ++...      NoTele   +   o - +0 pair of boots
Stlth   +++.......              L - amulet of faith
HPRegen 0.27/turn               s - +4 ring of evasion
MPRegen 0.17/turn               E - ring "Cahui" {rPois AC+4 Str+5}

@: mighty
A: foul stench 3, spiny 1, weakness stinger 2, demonic touch 1
a: Renounce Religion, Recall Undead Harvest


You were in a Gauntlet.
You worshipped Yredelemnul.
Yredelemnul was aware of your devotion.
You visited 3 branches of the dungeon, and saw 17 of its levels.
You also visited: Bailey and Gauntlet.

You collected 2195 gold pieces.
You spent 180 gold pieces at shops.

Inventory:

Hand Weapons
 a - the +7 dagger of the Silent Majority (weapon) {pain, *Noise rN++ Will+ Int+3}
   (You found it on level 11 of the Dungeon)

   In the hands of one skilled in necromantic magic, it inflicts extra damage on
   living creatures.
   Int:       It affects your intelligence (+3).
   rN:        It greatly protects you from negative energy.
   *Noise:    It may make noises in combat.
   Will:      It increases your willpower.
 b - a +1 hunting sling of freezing
 w - a +4 trident
 y - a +1 scimitar of flaming
 A - the +7 hand crossbow of the Sharing Sybil {flame, rElec}
   (You found it in a Gauntlet)

   Any ammunition fired from it burns those it strikes, dealing additional fire
   damage.
   rElec:     It insulates you from electricity.
Missiles
 B - a throwing net (quivered)
 T - 3 curare-tipped darts
 V - 8 datura-tipped darts
Armour
 i - a +2 leather armour of poison resistance (worn)
 o - a +0 pair of boots (worn)
 x - the +2 pair of gloves of Complete Protection (worn) {rCorr}
   (You found it in a Gauntlet)

   rCorr:     It protects you from acid and corrosion.
 z - a +2 cloak (worn)
 C - the +2 buckler "Yshiemn" (worn) {*Slow Will+ Int+3 Dex+3}
   (You bought it in a shop on level 2 of the Dungeon)

   Int:       It affects your intelligence (+3).
   Dex:       It affects your dexterity (+3).
   *Slow:     It may slow you when you take damage.
   Will:      It increases your willpower.
 G - a +1 helmet of see invisible (worn)
 H - a +2 robe of willpower
Jewellery
 k - a ring of positive energy
 m - a ring of poison resistance
 s - a +4 ring of evasion (left hand)
 u - a ring of see invisible
 E - the ring "Cahui" (right hand) {rPois AC+4 Str+5}
   (You found it on level 1 of the Lair of Beasts)

   [ring of protection]

   AC:        It affects your AC (+4).
   Str:       It affects your strength (+5).
   rPois:     It protects you from poison.
 L - an amulet of faith (around neck)
Wands
 c - a wand of flame (28)
 d - a wand of charming (31)
 f - a wand of polymorph (13)
 N - a wand of paralysis (5)
 R - a wand of digging (8)
Scrolls
 h - 5 scrolls of poison
 j - a scroll of immolation
 l - 2 scrolls of fear
 q - 3 scrolls of summoning
 r - 6 scrolls of fog
 t - a scroll of vulnerability
 F - 2 scrolls of magic mapping
 S - 11 scrolls of identify
 W - 2 scrolls of teleportation
Potions
 e - 2 potions of cancellation
 g - a potion of invisibility
 n - 4 potions of heal wounds
 p - a potion of brilliance
 v - 2 potions of magic
 D - 3 potions of attraction
 I - 6 potions of curing
 Q - a potion of ambrosia
 Z - 3 potions of lignification
Miscellaneous
 X - a condenser vane


   Skills:
 - Level 12.0 Fighting
 + Level 9.2 Short Blades
 - Level 5.0 Armour
 - Level 5.0 Dodging
 - Level 5.0 Stealth
 - Level 5.0 Shields
 - Level 7.0 Necromancy
 - Level 1.1 Air Magic
 - Level 11.0 Invocations
 - Level 5.0 Evocations


You had 7 spell levels left.
You knew the following spells:

 Your Spells              Type           Power      Damage    Failure   Level
o - Olgreb's Toxic Radia  Pois           0%         N/A       95%         4

Your spell library contained the following spells:

 Spells                   Type           Power      Damage    Failure   Level
 Shock                    Conj/Air       8%         1d3       22%         1
 Magic Dart               Conj           0%         1d3       28%         1
 Sting                    Tmut/Pois      0%         1d3       28%         1
 Poisonous Vapours        Pois/Air       4%         N/A       34%         2
 Searing Ray              Conj           0%         2d4       38%         2
 Swiftness                Air            4%         N/A       47%         3
 Gell's Gravitas          Tloc           0%         N/A       63%         3
 Lesser Beckoning         Tloc           0%         N/A       63%         3
 Teleport Other           Tloc           0%         N/A       63%         3
 Tukima's Dance           Hex            0%         N/A       63%         3
 Airstrike                Air            2%         N/A       87%         4
 Summon Lightning Spire   Summ/Air       2%         N/A       92%         4
 Fulminant Prism          Conj/Hex       0%         3d6       95%         4
 Passage of Golubria      Tloc           0%         N/A       95%         4
 Fireball                 Conj/Fire      0%         3d3       100%        5
 Iskenderun's Battlesphe  Conj           0%         2d6       100%        5
 Summon Forest            Summ/Tloc      0%         N/A       100%        5
 Summon Mana Viper        Hex/Summ       0%         N/A       100%        5
 Yara's Violent Unravell  Hex/Tmut       0%         3d3       100%        5
 Conjure Ball Lightning   Conj/Air       1%         3x3d6     100%        6
 Dispersal                Tloc           0%         N/A       100%        6
 Summon Cactus Giant      Summ           0%         N/A       100%        6
 Orb of Destruction       Conj           0%         9d5       100%        7
 Ozocubu's Refrigeration  Ice            0%         4d5       100%        7
 Storm Form               Tmut/Air       1%         N/A       100%        7
 Ignition                 Fire           0%         3d3       100%        8
 Maxwell's Capacitive Co  Air            2%         ∞         100%        8


Dungeon Overview and Level Annotations

Branches:
Dungeon (11/15)            Temple (1/1) D:5            Lair (5/6) D:10
  Swamp (0/4) Lair:2        Snake (0/4) Lair:4          Orc (0/2) D:10
 Bailey (visited)         Gauntlet (1/1)
  Slime: Lair:5-6

Altars:
Ashenzari
Cheibriados
Elyvilon
Fedhas
Gozag
Hepliaklqana
Kikubaaqudgha
Makhleb
Nemelex Xobeh
Okawaru
Qazlal
Sif Muna
Trog
Vehumet
Wu Jian
Xom
Yredelemnul
The Shining One
Beogh

Shops:
D:2 [   D:9 (

Annotations:
D:3 3 runed translucent doors, enile's ghost, amateur MeWn Gauntlet 2 runed translucent doors, 9 transporters


Innate Abilities, Weirdness & Mutations

You frequently emit foul miasma when damaged in melee.
You are partially covered in sharp spines.
You have a tail ending in a sharp stinger.
Your touch may inflict minor irresistible damage on your foes.


Message History

Unknown command.
Okay, then.
Unknown command.
You feel very mighty all of a sudden.
You enter the transporter and appear at another place.
The blizzard demon gestures at you. The bolt of lightning hits you!!
The bolt of lightning hits your spectral efreet!!
You barely miss the blizzard demon.
The meliai buzzes angrily.
The blizzard demon waves its arms in wide circles.
The air twists around and strikes you!!
You hit the blizzard demon.
Your tail-slap misses the blizzard demon.
The blizzard demon is lightly wounded.
You puncture the blizzard demon!
Your tail-slap misses the blizzard demon.
The blizzard demon is moderately wounded.
The blizzard demon gestures at you. The bolt of cold hits you!!
* * * LOW HITPOINT WARNING * * *
The bolt of cold hits your spectral efreet.
Your spectral efreet resists.
You feel much better.
The blizzard demon hits you but does no damage. x2
You puncture the blizzard demon!
You tail-slap the blizzard demon, but do no damage.
The blizzard demon is moderately wounded.
You puncture the blizzard demon!
The blizzard demon is heavily wounded.
The blizzard demon gestures at you. The bolt of lightning hits you!!!
* * * LOW HITPOINT WARNING * * *
The bolt of lightning hits your spectral efreet!!
Your spectral efreet is destroyed!
You feel much better. The blizzard demon gestures at you.
The freezing blast engulfs you!!
You die...
Your body rises from the dead as a mindless zombie.

##..#y#.#.#y#..#..##≈##..# ###
#≈..##.#y#y##..#.........#
...###..#########..#.........#
#..##..........#..###########
##...#..#########..#.........#
.....#..#.....#.#..#.##...##.#
##.©.#8.#4###.#.#..#.#.#.#.#.#
##...#..#)^.###.#..#..##.##..#
...©.#∩.#©..©@2.#©©#Z.#.©.#..#
##...#..#/^.###.#..#..##.##..#
##.©.#8.#.###.#.#..#[#.#.#.#.#
.....#..#4....#.#..#.##...##.#
##...#..#########..#.........#
#..##..........#..###########
...###..#########..#.........#
### #§..#...#Dw.#..#.........#
##..#=#.#.#D#..#..##§##..#


You could see an eight-headed hydra, a blizzard demon (ally target), a torpor
snail, an ice devil, 2 meliai and a friendly hell hound zombie.

Vanquished Creatures
  Fannar (D:11)
  2 hydras (Lair:3)
  A catoblepas (Lair:5)
  A two-headed ogre (D:9)
  A necromancer (Gauntlet)
  2 cyclopes (D:11)
  A black mamba (Lair:1)
  3 cane toads
  A rime drake (Lair:3)
  A kobold demonologist (D:9)
  An efreet (Gauntlet)
  6 komodo dragons
  A troll (D:10)
  3 polar bears
  A hornet (D:9)
  2 slime creatures (D:10)
  6 blink frogs
  2 wyverns
  2 fire elementals (Gauntlet)
  A vampire (D:11)
  A wraith (D:11)
  3 basilisks
  7 yaks (Lair:1)
  3 water moccasins
  An acid dragon (D:10)
  Duvessa (D:4)
  2 hell hounds (Gauntlet)
  6 orc warriors
  An ice beast (D:6)
  A black bear (Lair:1)
  2 ogres
  10 wolves
  3 centaurs
  4 phantoms
  6 kobold brigands
  11 bullfrogs
  2 necrophages
  A scorpion (D:5)
  Dowan (D:4)
  5 killer bees
  3 howler monkeys
  5 electric eels
  A gnoll shaman (D:5)
  5 hounds
  A jelly (D:3)
  7 orc priests
  Jessica (D:3)
  7 iguanas
  10 orc wizards
  A human simulacrum (D:10)
  3 gnolls (D:2)
  6 adders
  A shadow imp (D:7)
  2 white imps
  An ufetubus (D:4)
  A dart slug (D:2)
  18 orcs
  4 bats
  5 endoplasms
  2 giant cockroaches (D:3)
  4 goblins
  4 hobgoblins
  4 jackals (D:1)
  5 quokkas
  5 ball pythons
  2 frilled lizards
  31 kobolds
  6 rats
255 creatures vanquished.

Vanquished Creatures (collateral kills)
  A boulder beetle (D:11)
  2 two-headed ogres
  A slime creature (D:10)
  Maurice (D:8)
  A black mamba (Lair:3)
  A kobold demonologist (D:10)
  A komodo dragon (D:11)
  A hornet (D:10)
  5 blink frogs
  3 yaks (Lair:1)
  3 water moccasins
  2 orc warriors (Bailey)
  A wolf (D:10)
  A black bear (D:7)
  A centaur (D:9)
  4 bullfrogs
  2 kobold brigands
  A killer bee (D:8)
  A hound (D:10)
  3 orc wizards (D:10)
  A human simulacrum (D:10)
  An orc zombie (Bailey)
  13 orcs
  3 training dummies (D:9)
  8 kobolds
  3 kobold zombies (Bailey)
65 creatures vanquished.

Vanquished Creatures (others)
  A spectral efreet (Gauntlet)
  2 blink frog zombies
  A killer bee (D:8)
  2 yak zombies (Lair:1)
  4 wolf zombies
  4 bullfrog zombies
  A black bear zombie (Lair:1)
  A centaur zombie (D:8)
  4 killer bee zombies
  A howler monkey zombie (D:10)
  2 spectral electric eels
  An iguana zombie (D:7)
  10 kobold zombies
  8 orc zombies
  23 fungi
  19 plants
84 creatures vanquished.

Grand Total: 404 creatures vanquished

Notes
Turn   | Place    | Note
-------+----------+-------------------------------------------
     0 | D:1      | porpoise the Demonspawn Artificer began the quest for the
                  | Orb.
     0 | D:1      | Reached XP level 1. HP: 15/15 MP: 1/1
    54 | D:1      | Reached skill level 1 in Stealth
   410 | D:1      | Discovered your monstrous ancestry.
   410 | D:1      | Gained mutation: You have a small tail. [demonic ancestry]
   410 | D:1      | Reached XP level 2. HP: 9/22 MP: 2/2
   924 | D:1      | Found a faded altar of an unknown god.
  1551 | D:2      | Found an opulent altar of Gozag.
  1564 | D:2      | Reached skill level 2 in Fighting
  1579 | D:2      | Reached skill level 1 in Short Blades
  1741 | D:2      | Noticed an ogre
  1750 | D:2      | Killed an ogre
  1751 | D:2      | Reached skill level 3 in Fighting
  1751 | D:2      | Reached XP level 3. HP: 28/29 MP: 3/3
  1751 | D:2      | Gained mutation: You may rarely emit foul miasma when
                  | damaged in melee. [demonic ancestry]
  1751 | D:2      | Reached XP level 4. HP: 34/35 MP: 4/4
  1781 | D:2      | Reached skill level 1 in Dodging
  2143 | D:2      | Gained mutation: Your touch may inflict minor irresistible
                  | damage on your foes. [demonic ancestry]
  2143 | D:2      | Reached XP level 5. HP: 41/41 MP: 5/5
  2212 | D:2      | Found Zimpaes's Antique Armour Boutique.
  3426 | D:3      | Found a runed translucent gate.
  3427 | D:3      | Found a runed translucent gate.
  3427 | D:3      | Found a runed translucent gate.
  3427 | D:3      | Noticed enile's ghost (amateur MeWn)
  3489 | D:3      | Noticed Jessica
  3602 | D:3      | Found a shimmering blue altar of Sif Muna.
  3607 | D:3      | Killed Jessica
  3781 | D:3      | Reached skill level 4 in Fighting
  4172 | D:4      | Gained mutation: You sometimes emit foul miasma when
                  | damaged in melee. [demonic ancestry]
  4172 | D:4      | Reached XP level 6. HP: 45/48 MP: 6/6
  4328 | D:4      | Noticed Duvessa
  4330 | D:4      | Noticed Dowan
  4339 | D:4      | Killed Dowan
  4342 | D:4      | Killed Duvessa
  4436 | D:4      | Reached skill level 5 in Fighting
  4454 | D:4      | Gained mutation: You frequently emit foul miasma when
                  | damaged in melee. [demonic ancestry]
  4454 | D:4      | Reached XP level 7. HP: 55/56 MP: 7/7
  4623 | D:5      | Entered Level 5 of the Dungeon
  5166 | D:5      | Reached skill level 6 in Fighting
  5408 | D:5      | Found a staircase to the Ecumenical Temple.
  5478 | Temple   | Entered the Ecumenical Temple
  5516 | Temple   | Became a worshipper of Yredelemnul the Dark
  5674 | D:2      | Bought a faintly glowing buckler for 180 gold pieces
  5674 | D:2      | Identified the +2 buckler "Yshiemn" {*Slow Will+ Int+3
                  | Dex+3} (You bought it in a shop on level 2 of the Dungeon)
  6053 | D:6      | Reached XP level 8. HP: 65/65 MP: 8/8
  6231 | D:6      | Reached skill level 7 in Fighting
  6379 | D:6      | Reached * piety under Yredelemnul
  6600 | D:6      | Reached skill level 5 in Stealth
  6600 | D:6      | Reached skill level 1 in Shields
  7302 | D:7      | Reached skill level 1 in Invocations
  8111 | D:7      | Reached ** piety under Yredelemnul
  8111 | D:7      | Reached skill level 5 in Dodging
  8486 | D:8      | Gained mutation: You are partially covered in sharp spines.
                  | [demonic ancestry]
  8486 | D:8      | Reached XP level 9. HP: 72/72 MP: 11/11
  8653 | D:8      | Noticed Maurice
  8658 | D:8      | Killed Maurice
  8659 | D:8      | Reached skill level 1 in Air Magic
  8936 | D:8      | Reached skill level 5 in Shields
  8937 | D:8      | Reached skill level 5 in Invocations
  9625 | D:9      | Found Oleczefi's Firing Range.
  9963 | D:9      | Noticed a kobold demonologist
  9980 | D:9      | Noticed a soul eater
  9982 | D:9      | Killed a kobold demonologist
 10016 | D:9      | Found a flagged portal.
 10048 | Bailey   | Entered a bailey
 10118 | Bailey   | Reached XP level 10. HP: 67/79 MP: 15/15
 10295 | Bailey   | Reached skill level 5 in Armour
 10340 | Bailey   | Found an iron altar of Okawaru.
 10411 | D:9      | Paralysed by a hornet for 3 turns
 10423 | D:9      | Reached skill level 5 in Evocations
 10774 | D:9      | Noticed a two-headed ogre
 10792 | D:9      | Killed a two-headed ogre
 10793 | D:9      | Reached skill level 8 in Fighting
 11310 | D:10     | Entered Level 10 of the Dungeon
 11571 | D:9      | Reached skill level 9 in Fighting
 11572 | D:9      | HP: 4/83 [hound (5)]
 11993 | D:10     | Found a staircase to the Lair.
 12305 | D:10     | Reached *** piety under Yredelemnul
 12309 | D:10     | Reached **** piety under Yredelemnul
 12316 | D:10     | Reached ***** piety under Yredelemnul
 12317 | D:10     | Gained mutation: You have a tail ending in a sharp stinger.
                  | [demonic ancestry]
 12317 | D:10     | Reached XP level 11. HP: 58/90 MP: 17/17
 12476 | D:10     | Noticed a two-headed ogre
 12488 | D:10     | Killed a two-headed ogre
 12696 | D:10     | Found a staircase to the Orcish Mines.
 13309 | D:11     | Learned a level 4 spell: Olgreb's Toxic Radiance
 13378 | D:11     | Reached skill level 10 in Fighting
 13476 | D:11     | Noticed Fannar
 13532 | D:11     | Killed Fannar
 13657 | D:11     | Noticed a two-headed ogre
 13662 | D:11     | Reached skill level 5 in Short Blades
 13671 | D:11     | Killed a two-headed ogre
 13762 | D:11     | Reached skill level 10 in Invocations
 14234 | D:11     | Noticed a boulder beetle
 14257 | D:11     | Killed a boulder beetle
 14581 | D:11     | Identified the +7 dagger of the Silent Majority {pain,
                  | *Noise rN++ Will+ Int+3}
 14996 | Lair:1   | Entered Level 1 of the Lair of Beasts
 15205 | Lair:1   | Reached skill level 11 in Fighting
 15315 | Lair:1   | You fall into a shaft and drop 1 floor!
 15546 | Lair:1   | Identified the ring "Cahui" {rPois AC+4 Str+5}
 16437 | Lair:2   | Reached XP level 12. HP: 100/100 MP: 20/20
 16604 | Lair:2   | Found a staircase to the Swamp.
 16798 | Lair:2   | Reached skill level 1 in Necromancy
 17624 | Lair:3   | Noticed an eight-headed hydra
 17634 | Lair:3   | Killed an eight-headed hydra
 17775 | Lair:3   | Noticed a six-headed hydra
 17785 | Lair:3   | Killed a six-headed hydra
 18366 | Lair:4   | Reached skill level 5 in Necromancy
 18653 | Lair:4   | Found a staircase to the Snake Pit.
 18915 | Lair:5   | Reached skill level 12 in Fighting
 18927 | Lair:5   | Noticed a catoblepas
 18938 | Lair:5   | Killed a catoblepas
 18978 | Lair:5   | Found an opulent altar of Gozag.
 19002 | Lair:5   | Found a gate leading to a gauntlet.
 19027 | Gauntlet | Entered a Gauntlet
 19027 | Gauntlet | Found a runed translucent door.
 19027 | Gauntlet | Found a transporter.
 19027 | Gauntlet | Found a runed translucent door.
 19027 | Gauntlet | Found a transporter.
 19037 | Gauntlet | Found a transporter.
 19049 | Gauntlet | Found a transporter.
 19067 | Gauntlet | Found a transporter.
 19067 | Gauntlet | Found a transporter.
 19067 | Gauntlet | Found a transporter.
 19069 | Gauntlet | Found a transporter.
 19069 | Gauntlet | Found a transporter.
 19082 | Gauntlet | Found a transporter.
 19095 | Gauntlet | Noticed a blizzard demon
 19097 | Gauntlet | Found a transporter.
 19107 | Gauntlet | Found a transporter.
 19120 | Gauntlet | Noticed an eight-headed hydra
 19121 | Gauntlet | Found a transporter.
 19141 | Gauntlet | Found a transporter.
 19142 | Gauntlet | Found a runed translucent door.
 19237 | Gauntlet | Identified the +2 pair of gloves of Complete Protection
                  | {rCorr}
 19356 | Gauntlet | Identified the +7 hand crossbow of the Sharing Sybil
                  | {flame, rElec}
 19445 | Gauntlet | Killed from afar by a blizzard demon

Illustrated notes

Levels and vault maps discovered:
D:1:      saegor_arrival_simple_e, layout_loops_cross, basic_ecumenical_altar
D:2:      layout_basic, basic_altar, serial_shops, shop_fountains,
          minmay_tiny_reverse_x
D:3:      layout_loops_ring, tgw_sif, ebering_ghost_rock_garden
D:4:      layout_basic, minmay_three_crescents, uniq_duvessa
D:5:      layout_rooms, minmay_temple_entry_crystal_x, serial_bayou_pond_d,
          grunt_tough_drop
D:6:      layout_gridville
D:7:      layout_rooms
D:8:      layout_basic, uniq_maurice
D:9:      layout_rooms, enter_bailey_4, serial_co_window_serial,
          co_window_paths_a, co_window_of_opportunity_a,
          co_window_of_opportunity_a, co_window_paths_a, co_window_paths_a,
          co_window_of_opportunity_c, co_window_broadway_c,
          co_window_unsneaky_path_c, co_window_paths_e, co_window_paths_d,
          glass_columns_c, glass_columns_c, glass_columns_a, glass_columns_c,
          roderic_serpentine_path, nicolae_shop_firing_range
D:10:     layout_roguey, erik_lair_island, minmay_orc_entry_temple_small,
          bh_circular_ruins
D:11:     layout_roguey, uniq_fannar
Temple:   grunt_wide_crystal_templ
Lair:1:   layout_chaotic_city
Lair:2:   gammafunk_indiana_jones, layout_regular_city, minmay_swamp_entry_eels
Lair:3:   layout_roguey
Lair:4:   layout_cave_shapes, guppyfry_snake_entry_garden, lemuel_fruit_fields,
          lemuel_fruit_fields
Lair:5:   layout_cave_pods, gauntlet_entry_generic, basic_altar,
          serial_bayou_shore_a
Gauntlet: gammafunk_gauntlet_mixed_choke_point [minmay_gauntlet_arena_77_path,
          minmay_gauntlet_arena_77_cramped, minmay_gauntlet_arena_77_fan,
          gammafunk_gauntlet_arena_corners, minmay_gauntlet_arena_77_two_paths,
          minmay_gauntlet_arena_77_mirror, minmay_gauntlet_arena_77_checkered,
          gauntlet_exit_green]

Skill      XL: |  1  2  3  4  5  6  7  8  9 10 11 12 |
---------------+-------------------------------------+-----
Stealth        | 1 2 3 4 5 |  5.0
Fighting       | 3 4 5 6 7 9 11 12 | 12.0
Short Blades   | 2 4 6 9 |  9.2
Dodging        | 1 2 3 5 |  5.0
Shields        | 3 5 |  5.0
Invocations    | 3 7 8 11 | 11.0
Armour         | 2 4 5 |  5.0
Air Magic      | 1 |  1.1
Evocations     | 4 5 |  5.0
Necromancy     | 7 |  7.0

Action                   |  1- 3 |  4- 6 |  7- 9 | 10-12 || total
-------------------------+-------+-------+-------+-------++-------
Melee: Short sword       |    65 |       |       |       ||    65
       Club              |    16 |       |       |       ||    16
       Dagger            |     9 |    94 |   267 |   600 ||   970
       Tailslap          |     4 |    13 |    35 |   119 ||   171
       Touch             |       |     8 |     9 |       ||    17
       Punch             |       |     1 |       |       ||     1
       Trident           |       |       |       |     3 ||     3
 Fire: Hunting sling     |       |    13 |    71 |    38 ||   122
Throw: Dart              |       |     5 |     6 |    10 ||    21
       Throwing net      |       |       |     1 |     1 ||     2
Invok: Dark Bargain      |       |       |       |     5 ||     5
       Recall Undead Har |       |       |       |     1 ||     1
Evoke: Wand              |     4 |    13 |     6 |    21 ||    44
  Use: Scroll            |       |     6 |    15 |    10 ||    31
       Potion            |       |       |     2 |     8 ||    10
 Stab: Sleeping          |     4 |     1 |     1 |     7 ||    13
       Paralysed         |       |       |     1 |       ||     1
       Distracted        |       |       |       |     3 ||     3
Armor: Leather armour    |    20 |    23 |       |    43 ||    86
       Robe              |       |     2 |    51 |    81 ||   134
Dodge: Dodged            |    60 |    63 |   151 |   281 ||   555
Block: Buckler           |       |       |    72 |   149 ||   221

Table legend: (Time is in decaauts)
 A = Elapsed time spent in this place.
 B = Non-inter-level travel time spent in this place.
 C = Inter-level travel time spent in this place.
 D = Time resting spent in this place.
 E = Time spent auto-exploring this place.
 F = Levels seen in this place.
 G = Mean time per level.
                   A        B        C        D        E       F      G
               +--------+--------+--------+--------+--------+-----+--------+
         Total |  19325 |  18584 |    741 |   6206 |   8813 |  19 | 1017.1 |
       Dungeon |  14598 |  13966 |    632 |   5725 |   5894 |  11 | 1327.1 |
        Temple |     47 |     38 |      9 |      0 |     18 |   1 |   47.0 |
          Lair |   3942 |   3842 |    100 |    365 |   2728 |   5 |  788.4 |
        Bailey |    335 |    335 |      0 |     33 |     46 |   1 |  335.0 |
      Gauntlet |    401 |    401 |      0 |     83 |    126 |   1 |  401.0 |
               +--------+--------+--------+--------+--------+-----+--------+

Top non-repeatable levels by time:
     D:9: 1914 daAuts
    D:11: 1632 daAuts
    D:10: 1628 daAuts
     D:1: 1559 daAuts
     D:2: 1482 daAuts
     D:6: 1307 daAuts
  Lair:1: 1231 daAuts
     D:7: 1161 daAuts
  Lair:3: 1120 daAuts
     D:4: 1084 daAuts
     D:8: 1011 daAuts
     D:3: 978 daAuts
  Lair:2: 950 daAuts
     D:5: 837 daAuts
  Lair:4: 537 daAuts
